 Dungeon Crawl Stone Soup version 0.20.0-10-g0535bb4 (webtiles) character file.

61 blackwizard the Gusty (level 3, 0/31 HPs)
             Began as a Troll Air Elementalist on June 5, 2017.
             Slain by an adder (4 damage)
             ... on level 2 of the Dungeon.
             The game lasted 00:05:28 (1218 turns).

blackwizard the Gusty (Troll Air Elementalist)      Turns: 1218, Time: 00:05:29

Health: 0/31       AC:  5    Str: 17    XL:     3   Next: 83%
Magic:  4/4        EV: 10    Int: 11    God:
Gold:   29         SH:  0    Dex: 10    Spells: 3/4 levels left

rFire    . . .     SeeInvis .   k - +0 hand axe
rCold    . . .     Gourm    +   (no shield)
rNeg     . . .     Faith    .   a - +0 robe
rPois    .         Spirit   .   (helmet restricted)
rElec    .         Reflect  .   (no cloak)
rCorr    .         Harm     .   (gloves unavailable)
MR       .....                  (boots unavailable)
Stlth    +.........             n - amulet of magic regeneration
Regen    0.5/turn               (no ring)
MPRegen  0.2/turn               (no ring)

@: lethally poisoned (0 -> 0), very slightly contaminated
A: unfitting armour, claws 3, fast metabolism 3, gourmand, regeneration 1,
shaggy fur 1, tough skin 2
a: no special abilities


You were on level 2 of the Dungeon.
You were not hungry.

You visited 1 branch of the dungeon, and saw 2 of its levels.

You collected 29 gold pieces.

Inventory:

Hand Weapons
 k - a +0 hand axe (weapon)
Missiles
 e - 40 stones (quivered)
 m - 15 poisoned needles
Armour
 a - a +0 robe (worn)
Jewellery
 n - an amulet of magic regeneration (around neck)
Scrolls
 g - a scroll of teleportation {unknown}
 h - 3 scrolls of remove curse {unknown}
 i - 3 scrolls of noise {unknown}
 j - a scroll of magic mapping {unknown}
 l - a scroll of identify {unknown}
Potions
 d - a potion of curing {unknown}
Books
 b - a book of Air

   Spells                             Type                      Level
   a - Shock                          Conjuration/Air              1
   b - Swiftness                      Charms/Air                   2
   c - Static Discharge               Conjuration/Air              3
   d - Airstrike                      Air                          4
   e - Lightning Bolt                 Conjuration/Air              5
Comestibles
 c - 2 chunks of flesh
 f - 2 royal jellies


   Skills:
 + Level 0.2 Fighting
 + Level 0.5 Axes
 + Level 2.0 Dodging
 + Level 1.2 Stealth
 + Level 1.2 Unarmed Combat
 + Level 1.4 Spellcasting
 + Level 0.8 Conjurations
 + Level 2.3 Air Magic


You had 3 spell levels left.
You knew the following spells:

 Your Spells              Type           Power        Failure   Level  Hunger
a - Shock                 Conj/Air       #...         16%         1    ##.....


Dungeon Overview and Level Annotations

Branches:
Dungeon (2/15)

Altars:


Innate Abilities, Weirdness & Mutations

You are too large for most types of armour.
You have claws for hands.
Your metabolism is lightning-fast.
You like to eat raw meat.
Your natural rate of healing is unusually fast.
You are covered in fur. (AC +1)
You have very tough skin. (AC +2)


Message History

You are more poisoned.
The adder poisons you!
You feel sick.
The jackal bites you but does no damage.
The jackal closely misses you. The adder barely misses you.
You feel sick. The jackal bites you.
* * * LOW HITPOINT WARNING * * *
The adder bites you but does no damage.
You feel sick.
The jackal bites you but does no damage.
The adder bites you but does no damage.
The jackal bites you but does no damage.
Found a scroll labeled ZIPYP KUIDIFOL.
The adder closely misses you. The jackal closely misses you.
The adder closely misses you.
You feel sick.
The jackal bites you but does no damage.
The jackal closely misses you. The adder bites you.
You die...

# . .. . . .#
?## #.## ..#
...# #.# ...#.
#.# ..... #.###
..... #@..###
..... #.
#hS...# .....
#..#.....#
##### ..
#.#.%...# # ..#
#.......# # #.#
###.....#
###### #.#
#.....######
... .# #.#
####...........
.###.###.#
#.†......######


You could see an adder and a jackal.

Vanquished Creatures
  An adder (D:2)
  An ooze (D:1)
  A worm (D:1)
  A dart slug (D:1)
  A leopard gecko (D:2)
  A giant cockroach (D:1)
  4 goblins
  4 hobgoblins (D:1)
  6 jackals
  3 kobolds (D:2)
  2 ball pythons (D:1)
  8 bats
  A frilled lizard (D:2)
  3 rats (D:1)
37 creatures vanquished.

Notes
Turn   | Place    | Note
-------+----------+-------------------------------------------
     0 | D:1      | blackwizard the Troll Air Elementalist began the quest for the Orb.
     0 | D:1      | Reached XP level 1. HP: 16/16 MP: 1/1
   166 | D:1      | Reached XP level 2. HP: 22/24 MP: 2/2
   736 | D:1      | Reached skill level 1 in Unarmed Combat
   736 | D:1      | Reached XP level 3. HP: 31/31 MP: 1/4
  1218 | D:2      | Slain by an adder

Skill      XL: |  1  2  3 |
---------------+----------+-----
Unarmed Combat | 1 |  1.2
Dodging        | 2 |  2.0
Fighting       | |  0.2
Axes           | |  0.5
Stealth        | |  1.2
Spellcasting   | |  1.4
Conjurations   | |  0.8
Air Magic      | |  2.3

Action                   || total
-------------------------++-------
Melee: Unarmed           ||    55
       Hand axe          ||    46
 Cast: Shock             ||    39
  Eat: Bread ration      ||     2
       Chunk             ||     2
Armor: Robe              ||   158
Dodge: Dodged            ||   150
